 Dungeon Crawl Stone Soup version 0.25.1-9-gc5326a611f (webtiles) character file.

Game seed: 12149868829798156259

43253 Etesian the Brawler (level 14, 0/82 HPs)
             Began as a Vine Stalker Fighter on Aug 27, 2021.
             Was a Believer of Uskayaw.
             Killed from afar by a gnoll (19 damage)
             ... with a bolt of acid
             ... on level 5 of the Dungeon.
             The game lasted 00:44:29 (17856 turns).

Etesian the Brawler (Vine Stalker Fighter)         Turns: 17856, Time: 00:44:29

Health: 0/82       AC:  9    Str: 21    XL:     14   Next: 23%
Magic:  0/22       EV:  9    Int: 11    God:    Uskayaw [**....]
Gold:   1183       SH:  7    Dex: 17    Spells: 13/13 levels left

rFire    + + .     SeeInvis .     - Unarmed
rCold    + + .     Gourm    .   H - +2 buckler
rNeg     . . .     Faith    .   L - +4 scale mail {rC+}
rPois    +         Spirit   +   I - +0 hat {Int+3}
rElec    .         Reflect  .   f - scarf {rC+ rF+}
rCorr    .         Harm     .   e - +1 pair of gloves
MR       +....                  C - +0 pair of boots
Stlth    ..........             (no amulet)
HPRegen  1.03/turn              F - ring of protection from fire
MPRegen  0.18/turn              A - ring of poison resistance

@: corroded, studying Fighting
A: fangs 3, regeneration 2, magic shield, antimagic bite, no potion heal 3, rot
immunity
a: Stomp, Line Pass, Renounce Religion


You were on level 5 of the Dungeon.
You worshipped Uskayaw.
Uskayaw was aware of your devotion.
You were not hungry.

You visited 3 branches of the dungeon, and saw 18 of its levels.
You also visited: Ossuary.

You collected 1183 gold pieces.

Inventory:

Missiles
 i - 167 sling bullets
 k - 352 stones
 q - 59 poisoned darts (quivered)
 t - 113 bolts
 u - 13 boomerangs
 J - 6 curare-tipped darts
 K - 7 javelins
Armour
 e - a +1 pair of gloves (worn)
 f - a scarf of resistance (worn)
 y - a +2 ring mail of fire resistance
 C - a +0 pair of boots (worn)
 D - a +2 ring mail of poison resistance
 H - a +2 buckler (worn)
 I - a +0 hat of intelligence (worn)
 L - a +4 scale mail of cold resistance (worn)
Jewellery
 l - an uncursed ring of wizardry
 A - a ring of poison resistance (right hand)
 F - a ring of protection from fire (left hand)
Wands
 b - a wand of iceblast (12)
 r - a wand of digging (6)
 s - a wand of acid (4)
 G - a wand of disintegration (15)
Scrolls
 h - 5 scrolls of magic mapping
 j - 3 scrolls of immolation
 m - 3 scrolls of enchant weapon
 o - 6 scrolls of remove curse
 p - 3 scrolls of teleportation
 v - 3 scrolls of fear
 P - a scroll of blinking
 Q - a scroll of brand weapon {unknown}
Potions
 a - 8 potions of curing
 d - 6 potions of might
 n - 2 potions of flight
 w - a potion of invisibility
 x - 5 potions of berserk rage
 z - 6 potions of stabbing
 B - 2 potions of mutation
 E - 3 potions of ambrosia
 M - a potion of haste {unknown}
 O - a potion of resistance {unknown}
Books
 g - a manual of Fighting
Comestibles
 c - 30 rations


   Skills:
 * Level 13.5 Fighting
 - Level 2.4 Armour
 - Level 2.6 Shields
 - Level 16.4 Unarmed Combat
 - Level 10.0 Invocations
 - Level 5.0 Evocations


You had 13 spell levels left.
You didn't know any spells.
Your spell library contained the following spells:

 Spells                   Type           Power        Failure   Level  Hunger
 Foxfire                  Conj/Fire      #...         75%         1    ##.....
 Magic Dart               Conj           #...         75%         1    ##.....
 Searing Ray              Conj           #.....       86%         2    ###....
 Conjure Flame            Conj/Fire      #.......     98%         3    ####...
 Dazzling Flash           Conj/Hex       #.....       98%         3    ####...
 Inner Flame              Hex/Fire       #.......     98%         3    ####...
 Fulminant Prism          Conj/Hex       #.........   100%        4    #####..
 Iskenderun's Mystic Bla  Conj/Tloc      #.......     100%        4    #####..
 Sticky Flame             Conj/Fire      #.......     100%        4    #####..
 Fireball                 Conj/Fire      #.........   100%        5    ######.


Dungeon Overview and Level Annotations

Branches:
Dungeon (11/15)            Temple (1/1) D:4            Lair (6/6) D:9
 Shoals (0/4) Lair:3        Snake (0/4) Lair:4        Slime (0/5) Lair:6
    Orc (0/2) D:10        Ossuary (visited)

Altars:
Ashenzari
Cheibriados
Dithmenos
Elyvilon
Fedhas
Gozag
Hepliaklqana
Kikubaaqudgha
Makhleb
Nemelex Xobeh
Okawaru
Qazlal
Ru
Sif Muna
Trog
Uskayaw
Vehumet
Wu Jian
Xom
Yredelemnul
Zin
The Shining One

Annotations:
D:5 1 transporter, lasso's ghost, novice MiFi
D:8 1 runed translucent door, Thomus's ghost, novice HOFi


Innate Abilities, Weirdness & Mutations

You have razor-sharp teeth.
You heal very quickly.
When hurt, damage is shared between your health and your magic reserves.
Your bite disrupts and absorbs the magic of your enemies.
Potions cannot restore your health.
You are immune to rotting.


Message History

The bolt of acid hits you! The acid corrodes you!
You are splashed with acid!
The gnoll hits you but does no damage.
You can now pass through a line of other dancers.
You hit the gnoll.
The gnoll is moderately wounded.
The gnoll sergeant hits you but does no damage.
The gnoll hits you but does no damage. The gnoll hits you with a +0 spear!
The gnoll sergeant hits you from afar with a +4 trident of venom.
Items here: ) [[ † a +2 spear of venom; a +0 scale mail; a +0 kite shield; a gnoll corpse You pummel the gnoll!!
You kill the gnoll!
The gnoll zaps a wand.
The bolt of acid hits you!
You are splashed with acid!
* * * LOW HITPOINT WARNING * * *
You hit the gnoll. Your bite misses the gnoll.
The gnoll is severely wounded.
The gnoll sergeant hits you from afar with a +4 trident of venom.
* * * LOW HITPOINT WARNING * * *
The gnoll zaps a wand.
The bolt of acid hits you!!
You die...

#..≈≈#..###.###..#≈≈.# #.#
#..≈≈#...........#≈≈.# #.#
#..≈≈###.##'##.###≈≈.#### #.#
#..≈≈..#.#...#.#..≈≈....###.#
#..≈≈.##.#⌠.⌠#.##.≈≈........#
#..≈≈.#g.#.gg#..#.≈≈....#####
#..≈≈.##.##g##g##.≈≈...##
#..≈≈..#.#).g#.#.....#.######
#..≈≈.©#.'.©@)(#©....#.......
#..≈≈..#.#8⌠8#.#.............
#..≈≈.##.#####.##.≈≈.#.####..
#..≈≈.#©.#.:.#..#.≈≈....###..
#..≈≈.##.#...#.##.≈≈.....##..
#..≈≈..#.#$$.#.#..≈≈........÷
#..≈≈###.##'##.###≈≈...[.###.
#..≈≈#....gWg...W#≈≈.....###.
#..≈≈#..###g###..#≈≈.....#...


You could see 2 gnoll sergeants and a gnoll.

Vanquished Creatures
  Gastronok (Lair:1)
  A fire dragon (Lair:6)
  4 hydras
  A two-headed ogre (D:9)
  3 death yaks (D:8)
  Urug (Lair:2)
  Sonja (Lair:1)
  A fire crab (Lair:6)
  An ugly thing (D:7)
  2 cyclopes
  6 elephants
  3 molten gargoyles (Lair:6)
  Joseph (D:8)
  4 black mambas
  7 spiny frogs
  3 rime drakes
  18 komodo dragons
  A troll (D:7)
  2 polar bears
  A hornet (D:9)
  12 blink frogs
  Grinder (D:5)
  6 hippogriffs
  A spriggan (D:7)
  36 yaks
  3 basilisks
  3 wyverns
  2 steam dragons (Lair:6)
  2 hungry ghosts
  Menkaure (D:5)
  A warg (D:11)
  6 water moccasins
  Duvessa (D:4)
  5 hell hounds (Lair:6)
  5 porcupines
  4 orc warriors
  2 ice beasts
  3 black bears
  A necrophage (D:8)
  4 sky beasts
  2 phantoms (D:7)
  3 centaurs
  5 ogres
  4 wolves
  11 crocodiles
  9 bullfrogs
  A gnoll sergeant (D:5)
  A water moccasin zombie (D:8)
  Dowan (D:4)
  A wyvern skeleton (D:10)
  A water moccasin skeleton (D:10)
  5 scorpions
  13 killer bees
  2 howler monkeys
  An electric eel (Lair:1)
  3 crimson imps
  5 lava snakes (Lair:6)
  5 centaur zombies
  2 centaur skeletons
  4 bullfrog zombies (Ossuary)
  2 hounds (D:7)
  2 jellies (Lair:6)
  5 orc priests
  3 bullfrog skeletons
  3 iguanas
  8 orc wizards
  11 worker ants
  2 killer bee zombies (Ossuary)
  2 hound zombies
  A hound skeleton (D:5)
  12 mummies
  2 howler monkey zombies (Ossuary)
  3 worker ant zombies
  10 gnolls
  10 adders
  A howler monkey skeleton (D:8)
  A river rat (D:9)
  2 shadow imps
  6 oozes
  6 adder zombies
  5 worms
  11 dart slugs
  6 leopard geckos
  58 orcs
  3 giant cockroaches
  12 hobgoblins
  9 jackals
  6 quokkas
  4 ball pythons
  8 bats
  5 frilled lizards
  A giant cockroach zombie (Ossuary)
  7 goblins
  A hobgoblin zombie (D:5)
  2 jackal zombies (Ossuary)
  12 kobolds
  A kobold zombie (D:5)
  2 leopard gecko zombies
  A quokka skeleton (D:6)
  3 quokka zombies
  16 rats
505 creatures vanquished.

Vanquished Creatures (others)
  Maurice (D:9)
  A yak (Lair:6)
  5 fungi (Lair:6)
  12 plants
19 creatures vanquished.

Grand Total: 524 creatures vanquished

Notes
Turn   | Place    | Note
-------+----------+-------------------------------------------
     0 | D:1      | Etesian the Vine Stalker Fighter began the quest for the
                  | Orb.
     0 | D:1      | Reached XP level 1. HP: 11/11 MP: 2/2
   214 | D:1      | Reached XP level 2. HP: 15/16 MP: 3/3
   743 | D:1      | Reached skill level 3 in Unarmed Combat
   743 | D:1      | Reached XP level 3. HP: 19/20 MP: 4/4
  1336 | D:2      | Gained mutation: Your natural rate of healing is unusually
                  | fast. [Vine Stalker growth]
  1336 | D:2      | Reached XP level 4. HP: 20/24 MP: 5/5
  1849 | D:3      | Reached skill level 4 in Unarmed Combat
  2066 | D:3      | Reached XP level 5. HP: 24/28 MP: 6/6
  2536 | D:4      | Noticed a phantom
  2580 | D:4      | Found a staircase to the Ecumenical Temple.
  2590 | Temple   | Entered the Ecumenical Temple
  2721 | Temple   | Became a worshipper of Uskayaw the Reveler
  2805 | D:4      | Reached * piety under Uskayaw
  2815 | D:4      | Reached ** piety under Uskayaw
  2837 | D:4      | Reached *** piety under Uskayaw
  3040 | D:4      | Reached skill level 5 in Unarmed Combat
  3040 | D:4      | Reached XP level 6. HP: 25/33 MP: 7/7
  3330 | D:4      | Noticed Dowan
  3330 | D:4      | Noticed Duvessa
  3558 | D:4      | Found a hide-covered altar of Uskayaw.
  3964 | D:4      | Killed Duvessa
  3964 | D:4      | Reached skill level 6 in Unarmed Combat
  3964 | D:4      | Reached XP level 7. HP: 30/38 MP: 6/8
  3969 | D:4      | Killed Dowan
  4281 | D:5      | Entered Level 5 of the Dungeon
  4397 | D:5      | Found a sand-covered staircase.
  4401 | D:5      | Reached skill level 5 in Fighting
  4417 | D:5      | Reached skill level 7 in Unarmed Combat
  4425 | D:5      | Reached **** piety under Uskayaw
  4433 | D:5      | Reached ***** piety under Uskayaw
  4444 | Ossuary  | Entered an ossuary
  4542 | Ossuary  | Gained mutation: You have razor-sharp teeth. [Vine Stalker
                  | growth]
  4542 | Ossuary  | Reached XP level 8. HP: 38/43 MP: 9/9
  4650 | Ossuary  | Reached skill level 8 in Unarmed Combat
  5109 | D:5      | Reached skill level 9 in Unarmed Combat
  5223 | D:5      | Found a transporter.
  5279 | D:5      | Found a transporter.
  5347 | D:5      | Noticed Grinder
  5351 | D:5      | Paralysed by Grinder for 5 turns
  5365 | D:5      | Killed Grinder
  5365 | D:5      | Reached XP level 9. HP: 49/49 MP: 10/10
  5467 | D:5      | Noticed Menkaure
  5470 | D:5      | Killed Menkaure
  5644 | D:5      | Noticed lasso's ghost (novice MiFi)
  5781 | D:6      | Reached skill level 10 in Unarmed Combat
  5951 | D:6      | Got a transparent kite shield
  5958 | D:6      | Found an iron altar of Okawaru.
  6056 | D:5      | Identified the cursed +0 kite shield of Poor Excuses {rC-
                  | rN+ Str+5} (You found it on level 6 of the Dungeon)
  6636 | D:7      | Noticed a brown ugly thing
  6661 | D:7      | Killed a brown ugly thing
  6715 | D:7      | Reached skill level 11 in Unarmed Combat
  6852 | D:7      | Noticed a troll
  6899 | D:7      | Killed a troll
  6899 | D:7      | Reached XP level 10. HP: 36/56 MP: 8/11
  7399 | D:8      | Noticed Joseph
  7415 | D:8      | Killed Joseph
  7499 | D:8      | Reached skill level 12 in Unarmed Combat
  8137 | D:8      | Found a runed translucent door.
  8139 | D:8      | Noticed Thomus's ghost (novice HOFi)
  8376 | D:9      | Noticed a death yak
  8382 | D:9      | Noticed a death yak
  8382 | D:9      | Noticed a death yak
  8395 | D:8      | Killed a death yak
  8459 | D:8      | Killed a death yak
  8459 | D:8      | Reached skill level 13 in Unarmed Combat
  8459 | D:8      | Reached XP level 11. HP: 35/62 MP: 6/12
  8594 | D:9      | Noticed Maurice
  8687 | D:8      | Killed a death yak
  8771 | D:9      | Killed Maurice
  8799 | D:9      | Found a staircase to the Lair.
  9020 | D:9      | Found a stormy altar of Qazlal.
  9819 | D:9      | Noticed a two-headed ogre
 10077 | D:9      | Killed a two-headed ogre
 10077 | D:9      | Reached skill level 14 in Unarmed Combat
 10098 | D:10     | Entered Level 10 of the Dungeon
 10350 | D:10     | Reached skill level 10 in Fighting
 10354 | D:10     | Reached ****** piety under Uskayaw
 10392 | D:10     | Found a staircase to the Orcish Mines.
 11001 | D:11     | Noticed a cyclops
 11049 | D:11     | Noticed a cyclops
 11054 | D:10     | Killed a cyclops
 11115 | D:11     | Killed a cyclops
 11238 | D:11     | Gained mutation: You heal very quickly. [Vine Stalker
                  | growth]
 11238 | D:11     | Reached XP level 12. HP: 58/68 MP: 10/13
 11278 | D:11     | Noticed an ettin
 11365 | D:11     | Noticed an ettin
 11374 | D:11     | an ettin changed into something unseen
 11484 | Lair:1   | Entered Level 1 of the Lair of Beasts
 11573 | D:9      | Reached skill level 15 in Unarmed Combat
 11914 | Lair:1   | Noticed Sonja
 11924 | Lair:1   | Reached skill level 1 in Evocations
 11934 | Lair:1   | Killed Sonja
 12192 | Lair:1   | Noticed Gastronok
 12209 | Lair:1   | Killed Gastronok
 12280 | Lair:1   | Reached skill level 5 in Evocations
 12493 | Lair:2   | Reached skill level 1 in Invocations
 12604 | Lair:2   | Noticed Urug
 12623 | Lair:2   | Killed Urug
 13417 | Lair:2   | Reached skill level 5 in Invocations
 13732 | Lair:3   | Found a staircase to the Shoals.
 14348 | Lair:4   | Identified a scroll of acquirement
 14359 | Lair:4   | Acquired a manual of Fighting
 14482 | Lair:4   | Noticed a five-headed hydra
 14669 | Lair:4   | Reached XP level 13. HP: 71/72 MP: 17/19
 15010 | Lair:4   | Found a staircase to the Snake Pit.
 15907 | Lair:6   | Entered Level 6 of the Lair of Beasts
 15932 | Lair:6   | Found a staircase to the Slime Pits.
 15965 | Lair:6   | Reached skill level 10 in Invocations
 16626 | Lair:6   | Reached skill level 16 in Unarmed Combat
 16877 | Lair:6   | Reached XP level 14. HP: 64/80 MP: 17/22
 17227 | Lair:6   | Found the +7 lajatang of Order {silver, rMut}
 17268 | Lair:6   | Found a large runed translucent door.
 17268 | Lair:6   | Found a large runed translucent door.
 17856 | D:5      | Killed from afar by a gnoll

Illustrated notes

Levels and vault maps discovered:
D:1:      onia_arrival_handbag, layout_basic
D:2:      layout_basic, minmay_misc_feat_doors
D:3:      layout_basic, chequers_serial_rivers_marsh
D:4:      kennysheep_slugbush, layout_loops_ring,
          minmay_temple_entry_gardened_gates, first_ration,
          serial_co_window_serial, co_window_cross_1, co_window_paths_b,
          co_window_paths_a, co_window_paths_a, co_window_of_opportunity_a,
          co_window_paths_b, co_window_2corner, co_window_broadway_b,
          co_window_corner_b, co_window_2corner, co_window_unsneaky_path_c,
          co_window_corner_b, co_window_paths_e, glass_columns_c,
          glass_columns_a, lemuel_statue_altar, uniq_duvessa
D:5:      corexii_shack_village, layout_loops_ring,
          gammafunk_ghost_gnarly_gnolls, nicolae_ossuary_entry_giza,
          hangedman_abyss_or_decor_lesser_grid, uniq_menkaure, uniq_grinder
D:6:      hangedman_cross_stitches, layout_rooms, okawaru_trees_2,
          hangedman_decor_riveting
D:7:      layout_loops_ring, the_bakery
D:8:      layout_loops_cross, ebering_ghost_inner_flame, uniq_joseph
D:9:      layout_grid_maze, dpeg_lair_monsters, basic_altar, minmay_microvault,
          uniq_maurice
D:10:     layout_long_grid, hiddenorc2_lemuel
D:11:     giant_chief_lemuel, layout_gridville, uniq_snorg
Temple:   kilobyte_greek_temple
Lair:1:   layout_gridlike, uniq_sonja, uniq_gastronok
Lair:2:   layout_roguey, uniq_urug
Lair:3:   layout_cave_pods, elwin_shoals_entry_rocks
Lair:4:   layout_cave_pods, dummy_snake_entry
Lair:5:   layout_big_grid, serial_bayou_shore_b, infiniplex_staircase_pool
Lair:6:   cheibrodos_lair_end_hotspot, layout_regular_city,
          nicolae_slime_entry_slimehenge

Skill      XL: |  1  2  3  4  5  6  7  8  9 10 11 12 13 14 |
---------------+-------------------------------------------+-----
Fighting       | 3 4 5 6 7 9 10 12 13 | 13.5
Unarmed Combat | 3 4 5 6 7 9 11 13 14 15 16 | 16.4
Evocations     | 5 |  5.0
Invocations    | 6 10 | 10.0
Armour         | |  2.4
Shields        | |  2.6

Action                   |  1- 3 |  4- 6 |  7- 9 | 10-12 | 13-15 || total
-------------------------+-------+-------+-------+-------+-------++-------
Melee: Unarmed           |   143 |   239 |   393 |   658 |   397 ||  1830
       Bite              |    44 |    70 |   155 |   250 |   159 ||   678
Throw: Dart              |       |    10 |    23 |    58 |    35 ||   126
       Boomerang         |       |     2 |       |       |    13 ||    15
Invok: Line Pass         |       |       |     1 |       |       ||     1
Evoke: Wand              |       |       |       |    10 |     8 ||    18
  Use: Scroll            |       |       |    11 |    13 |     1 ||    25
       Potion            |       |       |       |     1 |       ||     1
 Stab: Paralysed         |       |     2 |    12 |    31 |    31 ||    76
  Eat: Chunk             |     2 |     6 |     4 |    24 |     8 ||    44
       Ration            |       |     1 |     1 |     1 |     1 ||     4
Armor: Scale mail        |    56 |    71 |       |    17 |   115 ||   259
       Ring mail         |       |       |   104 |   117 |     6 ||   227
Dodge: Dodged            |    34 |    53 |    86 |   202 |    92 ||   467
Block: Kite shield       |    52 |    92 |    97 |       |       ||   241
       Buckler           |       |       |    10 |   154 |    99 ||   263
